 Dungeon Crawl Stone Soup version 0.20.1-1-g8b1a95d (webtiles) character file.

161334 poirepourri the Severer (level 16, -15/147 HPs)
             Began as a Minotaur Fighter on Nov 1, 2017.
             Was the Champion of Makhleb.
             Killed from afar by a spark wasp (20 damage)
             ... with a living lightning
             ... on level 3 of the Spider Nest.
             The game lasted 01:00:56 (36331 turns).

poirepourri the Severer (Minotaur Fighter)         Turns: 36331, Time: 01:00:56

Health: -15/147    AC: 21    Str: 25      XL:     16   Next: 94%
Magic:  0/24       EV: 18    Int:  5      God:    Makhleb [******]
Gold:   1041       SH: 18    Dex: 14 (16) Spells: 15/15 levels left

rFire    . . .     SeeInvis .   a - +9 war axe (flame)
rCold    . . .     Gourm    .   c - +4 shield
rNeg     . . .     Faith    .   V - +5 scale mail {rPois}
rPois    +         Spirit   .   (helmet restricted)
rElec    .         Reflect  .   z - +2 cloak {+Inv}
rCorr    +         Harm     .   u - +2 pair of gloves {Str+3}
MR       ++...                  B - +2 pair of boots {Stlth+}
Stlth    +.........             e - amulet of rage
Regen    0.4/turn               K - ring of resist corrosion
MPRegen  0.2/turn               k - ring of protection from magic

@: corroded
A: retaliatory headbutt, horns 2
}: 1/15 runes: decaying
a: Minor Destruction, Lesser Servant of Makhleb, Major Destruction, Greater
Servant of Makhleb, Renounce Religion, Evoke Berserk Rage, Evoke Invisibility


You were on level 3 of the Spider Nest.
You worshipped Makhleb.
Makhleb was exalted by your worship.
You were full.

You visited 6 branches of the dungeon, and saw 27 of its levels.
You also visited: Labyrinth.

You collected 2351 gold pieces.
You spent 1310 gold pieces at shops.

Inventory:

Hand Weapons
 a - a +9 war axe of flaming (weapon)
 b - a +5 hand crossbow of freezing
 h - a +0 blowgun
 Y - a +2 flail of protection
Missiles
 o - 96 bolts
 C - a throwing net (quivered)
 H - 45 tomahawks
 L - 34 poisoned needles
 O - 6 poisoned javelins
Armour
 c - a +4 shield (worn)
 u - a +2 pair of gloves of strength (worn)
 z - a +2 cloak of invisibility (worn)
 B - a +2 pair of boots of stealth (worn)
 G - a +4 scale mail of cold resistance
 U - +2 pearl dragon scales
 V - a +5 scale mail of poison resistance (worn)
Jewellery
 e - an amulet of rage (around neck)
 j - an uncursed ring of ice
 k - a ring of protection from magic (right hand)
 m - an uncursed ring of magical power
 F - an uncursed ring of flight
 K - a ring of resist corrosion (left hand)
Wands
 r - a wand of iceblast (4/15)
 v - a wand of disintegration (8/24)
 w - a wand of iceblast (4/15)
 x - a wand of confusion (34/48)
 A - a wand of paralysis (12/24)
 E - a wand of lightning (2/15)
 J - a wand of paralysis (11/24)
 R - a wand of flame (17/48)
 S - a wand of acid (2/15)
Scrolls
 i - 7 scrolls of remove curse
 t - 2 scrolls of teleportation
Potions
 g - 5 potions of lignification
 n - 2 potions of ambrosia {unknown}
 p - 6 potions of magic
 q - 2 potions of flight {unknown}
 D - 2 potions of cancellation
 I - 2 potions of haste
 Q - 5 potions of curing
Books
 l - a book of Battle

   Spells                             Type                      Level
   a - Infusion                       Charms                       1
   b - Shroud of Golubria             Charms/Translocation         2
   c - Song of Slaying                Charms                       2
   d - Spectral Weapon                Hexes/Charms                 3
   e - Regeneration                   Charms/Necromancy            3
 y - a book of Power

   Spells                             Type                      Level
   a - Iskenderun's Battlesphere      Conjuration/Charms           5
   b - Venom Bolt                     Conjuration/Poison           5
   c - Bolt of Magma                  Conjuration/Fire/Earth       5
   d - Iron Shot                      Conjuration/Earth            6
   e - Orb of Destruction             Conjuration                  7
   f - Spellforged Servitor           Conjuration/Summoning        7
 M - a book of Debilitation

   Spells                             Type                      Level
   a - Corona                         Hexes                        1
   b - Slow                           Hexes                        2
   c - Inner Flame                    Hexes/Fire                   3
   d - Portal Projectile              Hexes/Translocation          3
   e - Cause Fear                     Hexes                        4
   f - Leda's Liquefaction            Hexes/Earth                  4
Miscellaneous
 W - a phial of floods
Comestibles
 d - 10 royal jellies
 f - 5 bread rations
 X - 18 fruits


   Skills:
 - Level 14.3 Fighting
 - Level 17.4 Axes
 - Level 14.2 Armour
 - Level 12.0 Dodging
 - Level 15.2 Shields
 + Level 13.3 Invocations


You had 15 spell levels left.
You didn't know any spells.

Dungeon Overview and Level Annotations

Branches:
Dungeon (11/15)            Temple (1/1) D:4            Lair (6/6) D:11
  Swamp (4/4) Lair:2       Spider (3/4) Lair:2        Slime (0/5) Lair:5
    Orc (2/2) D:11            Elf (0/3) Orc:2

Altars:
Ashenzari
Cheibriados
Dithmenos
Elyvilon
Fedhas
Gozag
Hepliaklqana
Kikubaaqudgha
Makhleb
Nemelex Xobeh
Okawaru
Qazlal
Ru
Sif Muna
Trog
Uskayaw
Vehumet
Xom
Yredelemnul
Zin
The Shining One
Beogh
Jiyva

Shops:
D:7 !   D:11 [[![:   Orc:1 *   Orc:2 [}!:

Portals:
Trove: D:10 (give 2 scrolls of acquirement)


Innate Abilities, Weirdness & Mutations

You reflexively headbutt those who attack you in melee.
You have a pair of horns on your head.


Message History

Your wolf spider's corpse dissolves into shadows!
The demonic crawler gives a hideous shriek!
Unknown command.
Unknown command.
You slice the jumping spider!! You burn the jumping spider.
You kill the jumping spider!
Makhleb accepts your kill.
You feel better.
You hit the spark wasp but do no damage.
You hit the entropy weaver but do no damage.
You block the entropy weaver's attack. The entropy weaver hits you.
* * * LOW HITPOINT WARNING * * *
The entropy weaver hits you.
* * * LOW HITPOINT WARNING * * *
The entropy weaver hits you but does no damage.
The spark wasp bursts into living lightning!
The living lightning hits you!
* * * LOW HITPOINT WARNING * * *
The living lightning hits you!
You die...

.. #...≈##......
##.##≈..##.....#..#
#...≈##........#<.^
#.......#....#...#.
.##....<#..#^#.....
...#..#.#..#^#..#
#...#.#.......# #.#
##. ##....#s.#....=
# #..##@y..s# ###
#.##a†.#>##
##...†#s##
#...#§..§#
#?....#.##
#....#....
#......#.^ ##..
.....# .#. .# ..#


You could see an entropy weaver, a spark wasp, a demonic crawler, a jumping
spider and a friendly tarantella.

Vanquished Creatures
  Nikola (Swamp:1)
  A bone dragon (Swamp:4)
  Kirke (Spider:1)
  2 thorn hunters
  Roxanne (Swamp:1)
  2 very ugly things
  Azrael (Spider:1)
  A spark wasp (Spider:3)
  Josephine (Spider:1)
  A minotaur (Lab)
  Harold (D:10)
  12 hydras
  2 catoblepae (Lair:3)
  4 ghost crabs (Swamp:4)
  8 alligators
  5 two-headed ogres (Orc:2)
  3 death yaks
  5 orc high priests (Orc:2)
  2 unseen horrors
  3 spriggan druids
  5 swamp dragons
  3 spectral hydras (Swamp:4)
  A death drake (Swamp:4)
  2 shambling mangroves
  Pikel (D:8)
  A phantasmal warrior (Swamp:4)
  6 orc knights
  2 orb spiders
  3 orc sorcerers (Orc:2)
  14 wolf spiders
  3 ugly things
  12 elephants
  3 black mambas
  4 gargoyles (Lab)
  33 spiny frogs
  2 rime drakes (Lair:3)
  2 swamp worm zombies (Swamp:4)
  The ghost of Linguinho the Slinger, a novice HaHu of Ashenzari (D:5)
  8 komodo dragons
  5 demonic crawlers
  A minotaur zombie (Lab)
  A queen bee (D:8)
  5 trolls
  2 polar bears
  4 hydra zombies (Swamp:4)
  14 hornets
  12 jumping spiders
  8 tyrant leeches
  3 spectral swamp dragons (Swamp:4)
  27 blink frogs
  10 bog bodies
  4 alligator zombies (Swamp:4)
  20 slime creatures
  8 hippogriffs
  23 redbacks
  7 spriggans
  2 shadows
  4 tarantellas
  4 wraiths (Spider:1)
  The ghost of Spero the Shield-Bearer, an amateur MiFi (D:3)
  3 hogs (Spider:1)
  3 steam dragons
  41 yaks
  3 wyverns
  2 hungry ghosts
  4 basilisks
  2 fire elementals (Spider:1)
  30 vampire mosquitoes
  5 wargs
  15 insubstantial wisps
  12 swamp worms
  14 water moccasins
  4 hell hounds (Spider:1)
  7 porcupines
  9 swamp drakes
  48 orc warriors
  5 sky beasts
  2 slaves (D:8)
  3 swamp dragon zombies (Swamp:4)
  2 ice beasts
  A necrophage (D:10)
  13 phantoms
  6 wolves (Lair:6)
  12 ogres
  2 centaurs (D:7)
  11 crocodiles
  A big kobold (D:11)
  18 bullfrogs
  A wyvern skeleton (D:11)
  A water moccasin skeleton (D:8)
  4 scorpions
  19 killer bees
  6 electric eels
  4 wights
  2 howler monkeys
  3 crimson imps
  A centaur zombie (D:8)
  36 orc priests
  4 hounds
  2 jellies
  2 bullfrog zombies
  A centaur skeleton (D:8)
  A hell rat (D:11)
  An iguana (D:4)
  26 orc wizards
  11 worker ants
  A spectral swamp drake (Swamp:4)
  3 howler monkey skeletons
  24 adders
  6 gnolls
  3 river rats
  7 shadow imps
  An ooze (D:3)
  An adder zombie (D:5)
  5 worms
  2 dart slugs
  2 leopard geckos
  139 orcs
  8 giant cockroaches
  8 goblins
  11 hobgoblins
  15 jackals
  7 quokkas
  7 bats
  4 frilled lizards
  15 kobolds
  11 rats
  5 briar patches (Swamp:1)
  7 fungi
  6 plants
1029 creatures vanquished.

Vanquished Creatures (collateral kills)
  An orc warlord (Orc:2)
  The ghost of Frank the Carver, a journeyman OpFi (Lair:6)
  2 alligators
  An orb spider (Spider:1)
  A jumping spider (Spider:1)
  4 redbacks (Spider:1)
  A hell hound (Spider:1)
  2 orc warriors (Orc:2)
  A big kobold (D:11)
  A spectral swamp drake (Swamp:4)
  A quokka (D:11)
16 creatures vanquished.

Vanquished Creatures (others)
  A spriggan druid (Swamp:4)
  A swamp worm zombie (Swamp:4)
  A wraith (Spider:1)
  5 insubstantial wisps (Swamp:4)
  A killer bee (D:8)
  3 briar patches (Swamp:4)
  16 fungi
  38 plants
  11 toadstools
77 creatures vanquished.

Grand Total: 1122 creatures vanquished

Notes
Turn   | Place    | Note
-------+----------+-------------------------------------------
     0 | D:1      | poirepourri the Minotaur Fighter began the quest for the Orb.
     0 | D:1      | Reached XP level 1. HP: 19/19 MP: 0/0
    25 | D:1      | Reached skill level 3 in Axes
    78 | D:1      | Reached XP level 2. HP: 26/26 MP: 1/1
   591 | D:2      | Reached skill level 4 in Axes
   631 | D:2      | Reached XP level 3. HP: 30/31 MP: 2/2
   668 | D:2      | Found a shadowy altar of Dithmenos.
   781 | D:2      | You fall through a shaft!
   802 | D:3      | Reached skill level 5 in Axes
   803 | D:3      | Reached XP level 4. HP: 37/39 MP: 3/3
   997 | D:3      | Reached skill level 6 in Axes
  1091 | D:3      | Reached XP level 5. HP: 33/45 MP: 4/4
  1106 | D:3      | Noticed Spero's ghost (amateur MiFi)
  1643 | D:2      | Reached skill level 7 in Axes
  2373 | D:2      | You fall through a shaft for 2 floors!
  2585 | D:4      | Found a shattered altar of Ashenzari.
  2632 | D:4      | Reached XP level 6. HP: 49/51 MP: 5/5
  2723 | D:4      | Reached skill level 8 in Axes
  2936 | D:4      | Found a staircase to the Ecumenical Temple.
  3265 | D:3      | Found a stormy altar of Qazlal.
  3272 | D:3      | Noticed a water elemental
  3575 | D:3      | Killed Spero's ghost
  3575 | D:3      | Reached skill level 9 in Axes
  3575 | D:3      | Reached XP level 7. HP: 19/57 MP: 6/6
  4024 | D:3      | Noticed an air elemental
  4024 | D:3      | Noticed a fire elemental
  4682 | D:5      | Entered Level 5 of the Dungeon
  4777 | D:5      | Reached skill level 10 in Axes
  5006 | D:5      | Noticed Linguinho's ghost (novice HaHu)
  5018 | D:5      | Killed Linguinho's ghost
  5018 | D:5      | Reached skill level 11 in Axes
  5018 | D:5      | Reached XP level 8. HP: 51/64 MP: 7/7
  5258 | D:5      | Found a sacrificial altar of Ru.
  5292 | D:5      | Reached skill level 5 in Fighting
  5586 | D:5      | Found a glowing silver altar of Zin.
  5634 | D:6      | Reached skill level 1 in Dodging
  5882 | D:6      | Reached skill level 5 in Dodging
  6015 | D:6      | Reached XP level 9. HP: 75/75 MP: 8/8
  6289 | D:7      | Found an opulent altar of Gozag.
  6358 | D:7      | Found Jiykkile's Distillery.
  6365 | D:7      | Bought a potion of heal wounds for 60 gold pieces
  6365 | D:7      | Bought a potion of heal wounds for 60 gold pieces
  6365 | D:7      | Bought a potion of heal wounds for 60 gold pieces
  6365 | D:7      | Bought a potion of agility for 48 gold pieces
  6365 | D:7      | Bought a potion of might for 48 gold pieces
  6365 | D:7      | Bought a potion of might for 48 gold pieces
  6446 | D:7      | Found a sparkling altar of Nemelex Xobeh.
  6909 | D:8      | Reached skill level 12 in Axes
  6938 | D:8      | Noticed a queen bee
  6949 | D:8      | Killed a queen bee
  6949 | D:8      | Reached skill level 13 in Axes
  7533 | D:8      | Found a blossoming altar of Fedhas.
  8069 | D:8      | Reached XP level 10. HP: 83/83 MP: 9/9
  8209 | D:8      | Noticed Pikel
  8218 | D:8      | Killed Pikel
  8218 | D:8      | Reached skill level 14 in Axes
  9350 | D:9      | Reached skill level 15 in Axes
  9749 | D:10     | Entered Level 10 of the Dungeon
  9913 | Temple   | Entered the Ecumenical Temple
 10117 | Temple   | Became a worshipper of Makhleb the Destroyer
 10364 | D:10     | Found a portal to a secret trove of treasure.
 10403 | D:10     | Noticed a brown ugly thing
 10411 | D:10     | Killed a brown ugly thing
 10696 | D:10     | Reached skill level 16 in Axes
 10932 | D:10     | Killed an unseen horror
 11358 | D:11     | Found a labyrinth entrance.
 11358 | D:11     | Noticed a brown ugly thing
 11371 | D:11     | Killed a purple ugly thing
 11371 | D:11     | Reached XP level 11. HP: 42/89 MP: 10/10
 11494 | D:11     | Noticed a death yak
 11497 | D:11     | Noticed a death yak
 11503 | D:11     | Noticed a death yak
 11503 | Lab      | Entered a labyrinth
 11839 | Lab      | Reached skill level 5 in Shields
 12128 | Lab      | Found an exit through the horrors of the Abyss.
 12226 | Lab      | Noticed a minotaur
 12233 | Lab      | Killed a minotaur
 12537 | D:11     | Reached * piety under Makhleb
 12538 | D:11     | Noticed Harold
 12772 | D:10     | Killed Harold
 12974 | D:10     | Killed a death yak
 13149 | D:10     | Killed a death yak
 13149 | D:10     | Reached skill level 10 in Shields
 13219 | D:11     | Noticed an orc knight
 13245 | D:10     | Killed an orc knight
 13474 | D:11     | Killed a death yak
 13490 | D:11     | Found a staircase to the Lair.
 13663 | D:10     | Noticed a green ugly thing
 13673 | D:10     | Killed a green ugly thing
 13820 | D:11     | Killed an unseen horror
 13951 | D:11     | Found Xofyeg's Book Shop.
 13988 | D:11     | Found Casolete's Antique Armour Shoppe.
 14071 | D:11     | Bought a pair of faintly glowing gloves for 294 gold pieces
 14076 | D:11     | Identified the +0 pair of gloves of the Vaults {+Fly MR++ Str-3 Stlth+} (You bought it in a shop on level 11 of the Dungeon)
 14149 | D:11     | Found Imuliq's Antique Armour Shop.
 14174 | D:11     | Found Vuot's Distillery.
 14179 | D:11     | Bought a potion of curing for 30 gold pieces
 14179 | D:11     | Bought a potion of curing for 30 gold pieces
 14267 | D:11     | Found Ynlenin's Armour Emporium.
 14351 | D:11     | Reached ** piety under Makhleb
 14368 | D:11     | Found a roughly hewn altar of Beogh.
 14368 | D:11     | Found a staircase to the Orcish Mines.
 14403 | D:11     | Reached XP level 12. HP: 89/96 MP: 11/11
 14499 | Lair:1   | Entered Level 1 of the Lair of Beasts
 14828 | Lair:1   | Noticed a six-headed hydra
 15251 | Lair:1   | Killed a six-headed hydra
 15959 | Lair:2   | Found a staircase to the Swamp.
 16278 | Lair:2   | Found a hole to the Spider Nest.
 17284 | Lair:3   | Reached *** piety under Makhleb
 17296 | Lair:3   | Reached skill level 15 in Shields
 17724 | Lair:3   | Identified a scroll of acquirement
 18003 | Lair:3   | Found a runed door.
 18642 | Lair:3   | Noticed a catoblepas
 18642 | Lair:3   | Noticed a catoblepas
 19233 | Lair:3   | Killed a catoblepas
 19233 | Lair:3   | Reached XP level 13. HP: 75/102 MP: 12/12
 19382 | Lair:3   | Reached skill level 10 in Dodging
 20112 | Lair:4   | Reached **** piety under Makhleb
 20867 | Lair:5   | Found a viscous altar of Jiyva.
 20867 | Lair:5   | Found a staircase to the Slime Pits.
 21036 | Lair:5   | Reached skill level 5 in Armour
 22150 | Lair:6   | Entered Level 6 of the Lair of Beasts
 22166 | Lair:6   | Noticed Frank's ghost (journeyman OpFi)
 22182 | Lair:6   | Killed Frank's ghost
 22268 | Lair:6   | Reached skill level 10 in Armour
 22375 | Lair:6   | Reached ***** piety under Makhleb
 22537 | Lair:6   | Reached XP level 14. HP: 110/110 MP: 13/13
 23691 | Orc:1    | Entered Level 1 of the Orcish Mines
 23905 | Orc:1    | Found a radiant altar of Vehumet.
 23932 | Orc:1    | Found Puexiahi's General Store.
 24329 | Orc:2    | Entered Level 2 of the Orcish Mines
 24446 | Orc:2    | Reached ****** piety under Makhleb
 24744 | Orc:2    | Found a staircase to the Elven Halls.
 25009 | Orc:2    | Noticed an orc warlord
 25048 | Orc:2    | Killed an orc warlord
 25223 | Orc:2    | Found a roughly hewn altar of Beogh.
 25298 | Orc:2    | Found Nuegh's Antique Armour Shop.
 25325 | Orc:2    | Bought a pair of glowing gloves for 187 gold pieces
 25325 | Orc:2    | Bought a fine chain mail for 237 gold pieces
 25344 | Orc:2    | Identified the cursed +1 chain mail "Douvev" {+Inv rPois MR- Str+9 Slay-3} (You bought it in a shop on level 2 of the Orcish Mines)
 25497 | Orc:2    | Found Adghaamo's Gadget Emporium.
 25630 | Orc:2    | Found a roughly hewn altar of Beogh.
 25654 | Orc:2    | Reached skill level 10 in Fighting
 25723 | Orc:2    | Found Jooreozo's Distillery.
 25748 | Orc:2    | Bought a potion of heal wounds for 65 gold pieces
 25748 | Orc:2    | Bought a potion of heal wounds for 65 gold pieces
 25748 | Orc:2    | Bought a potion of curing for 39 gold pieces
 25748 | Orc:2    | Bought a potion of curing for 39 gold pieces
 25793 | Orc:2    | Found Hiolesud's Book Shop.
 26313 | Orc:1    | Reached XP level 15. HP: 130/130 MP: 14/14
 26595 | Swamp:1  | Entered Level 1 of the Swamp
 26595 | Swamp:1  | Noticed a thorn hunter
 27287 | Swamp:1  | Killed a thorn hunter
 27762 | Swamp:1  | Noticed Nikola
 27775 | Swamp:1  | Killed Nikola
 28023 | Swamp:1  | Noticed Roxanne
 28056 | Swamp:1  | Killed Roxanne
 28057 | Swamp:1  | Identified Roxanne's Reference Book on Clay (You took it off Roxanne on level 1 of the Swamp)
 28564 | Swamp:2  | Reached skill level 17 in Axes
 29023 | Swamp:3  | Reached skill level 1 in Invocations
 29483 | Swamp:3  | Reached skill level 5 in Invocations
 29812 | Swamp:4  | Entered Level 4 of the Swamp
 30004 | Swamp:4  | Noticed a thorn hunter
 30027 | Swamp:4  | Killed a thorn hunter
 30183 | Swamp:4  | Reached XP level 16. HP: 111/147 MP: 20/20
 31430 | Swamp:4  | Noticed a bone dragon
 31461 | Swamp:4  | Reached skill level 10 in Invocations
 32123 | Swamp:4  | Killed a bone dragon
 34009 | Swamp:4  | Got a decaying rune of Zot
 34826 | Spider:1 | Entered Level 1 of the Spider Nest
 34996 | Spider:1 | Noticed Kirke
 35137 | Spider:1 | Killed Kirke
 35212 | Spider:1 | Noticed Azrael
 35212 | Spider:1 | Noticed Josephine
 35224 | Spider:1 | Killed Josephine
 35228 | Spider:1 | Killed Azrael
 36331 | Spider:3 | HP: 5/147 [spark wasp/living lightning (16)]
 36331 | Spider:3 | Killed from afar by a spark wasp

Skill      XL: |  1  2  3  4  5  6  7  8  9 10 11 12 13 14 15 16 |
---------------+-------------------------------------------------+-----
Axes           | 3 4 5 6 7 9 11 13 16 17 | 17.4
Fighting       | 6 11 14 | 14.3
Dodging        | 5 7 9 12 | 12.0
Shields        | 12 15 | 15.2
Armour         | 11 14 | 14.2
Invocations    | 7 13 | 13.3

Action                   |  1- 3 |  4- 6 |  7- 9 | 10-12 | 13-15 | 16-18 || total
-------------------------+-------+-------+-------+-------+-------+-------++-------
Melee: War axe           |    80 |   164 |   314 |   699 |  1148 |   413 ||  2818
       Headbutt          |    11 |    32 |    54 |   172 |   303 |   124 ||   696
       Flail             |       |       |       |    13 |   110 |     4 ||   127
 Fire: Blowgun           |       |       |       |     4 |    16 |       ||    20
       Hand crossbow     |       |       |       |       |    19 |    10 ||    29
Throw: Tomahawk          |       |       |       |     1 |     1 |       ||     2
       Throwing net      |       |       |       |       |     1 |       ||     1
       Javelin           |       |       |       |       |     2 |       ||     2
Invok: Lesser Servant of |       |       |       |     1 |     3 |     8 ||    12
Evoke: Wand              |       |       |     1 |       |    12 |     7 ||    20
       Phial of floods   |       |       |       |     1 |     3 |     1 ||     5
  Use: Potion            |     1 |       |     4 |     8 |     9 |    10 ||    32
       Scroll            |       |    11 |     7 |    23 |    20 |     6 ||    67
 Stab: Distracted        |       |       |       |     1 |     2 |     3 ||     6
       Held in net/web   |       |       |       |       |     1 |       ||     1
       Confused          |       |       |       |       |     1 |       ||     1
  Eat: Bread ration      |       |     1 |     1 |     3 |     3 |     1 ||     9
       Meat ration       |       |     1 |     2 |     2 |     4 |     4 ||    13
       Fruit             |       |       |     3 |     8 |     2 |       ||    13
       Chunk             |       |       |       |     2 |       |       ||     2
       Royal jelly       |       |       |       |     5 |       |       ||     5
Armor: Scale mail        |    46 |    48 |    72 |   152 |   291 |   216 ||   825
Dodge: Dodged            |    34 |    40 |    99 |   239 |   514 |   331 ||  1257
Block: Shield            |    51 |    88 |   185 |   452 |  1073 |   566 ||  2415
